 Dungeon Crawl Stone Soup version 0.20.1-1-g8b1a95d (webtiles) character file.

409018 Irenicus the Spry (level 23, -7/222 HPs)
             Began as a Merfolk Chaos Knight on Oct 14, 2017.
             Splashed with acid (19 damage)
             ... on level 5 of the Pits of Slime.
             The game lasted 05:00:16 (40721 turns).

Irenicus the Spry (Merfolk Chaos Knight)           Turns: 40721, Time: 05:00:16

Health: -7/222     AC: 12    Str: 13 (14) XL:     23   Next: 46%
Magic:  17/36      EV: 37    Int: 11 (13) God:    Xom [..*...]
Gold:   2436       SH: 11    Dex: 24      Spells: 19/40 levels left

rFire    + . .     SeeInvis .   O - +9 trident of Wyrd {pierce, Fragile rElec rPois}
rCold    + + .     Gourm    .   o - +3 buckler {AC+3}
rNeg     + + .     Faith    .   (armour currently unavailable)
rPois    ∞         Spirit   .   r - +1 helmet of the Guild-Master {rCorr}
rElec    +         Reflect  .   m - scarf {repulsion}
rCorr    +         Harm     .   (gloves currently unavailable)
MR       +++..                  (boots currently unavailable)
Stlth    +++++.....             j - amulet "Bulinaj" {+Rage rC+ Dex+2}
Regen    1.5/turn               g - +5 ring of evasion
MPRegen  0.3/turn               P - ring "Ycwunkon" {+Fly rF+ rC+ rN+ MR+}

@: statue-form, corroded, very slightly contaminated, regenerating (expiring),
repel missiles, very slow
A: (change form in water), (swift swim), (stealthy swim), thin skeletal
structure 1, blink, blurry vision 2, clumsy 1, deterioration 1, frail 1, magic
resistance 1, screaming 2, electricity resistance, strong 1, no potion heal 1,
MP-powered wands
}: 2/15 runes: decaying, gossamer
a: End Transformation, Blink, Renounce Religion, Evoke Berserk Rage, Evoke
Flight


You were on level 5 of the Pits of Slime.
You worshipped Xom.
You were a toy of Xom.
You were not hungry.
You were a stone statue.
You visited 8 branches of the dungeon, and saw 40 of its levels.
You also visited: Ossuary, Bailey, Ice Cave and Volcano.

You collected 4702 gold pieces.
You spent 2266 gold pieces at shops.

Inventory:

Hand Weapons
 O - the +9 trident of Wyrd (weapon) {pierce, Fragile rElec rPois}
   (You found it on level 9 of the Dungeon)

   It inflicts extra damage upon your enemies.
   It insulates you from electricity.
   It protects you from poison.
   It will be destroyed if unequipped.
Armour
 a - a +2 cloak of cold resistance
 m - a scarf of repulsion (worn)
 o - a +3 buckler of protection (worn)
 r - the +1 helmet of the Guild-Master (worn) {rCorr}
   (You found it on level 3 of the Elven Halls)

   It protects you from acid and corrosion.
 J - +5 steam dragon scales (melded)
 M - a +2 pair of gloves (melded)
 S - a +2 pair of boots (melded)
Jewellery
 g - a +5 ring of evasion (left hand)
 j - the amulet "Bulinaj" (around neck) {+Rage rC+ Dex+2}
   (You acquired it on level 1 of the Spider Nest)

   [amulet of rage]

   It affects your dexterity (+2).
   It protects you from cold.
   It lets you go berserk.
 q - an uncursed ring of see invisible
 u - a +4 amulet of reflection
 x - the ring of Buxyraenebb {MR+ Str+3}
   (Xom gifted it to you on level 4 of the Swamp)

   [ring of protection from magic]

   It affects your strength (+3).
   It affects your resistance to hostile enchantments.
 I - an uncursed ring of positive energy
 P - the ring "Ycwunkon" (right hand) {+Fly rF+ rC+ rN+ MR+}
   (You took it off a deep elf death mage on level 3 of the Elven Halls)

   [ring of flight]

   It protects you from fire.
   It protects you from cold.
   It protects you from negative energy.
   It affects your resistance to hostile enchantments.
   It lets you fly.
 W - an uncursed ring of protection from fire
 Y - an uncursed ring of protection from cold
Wands
 z - a wand of lightning (4/15)
 C - a wand of iceblast (1/15)
Scrolls
 h - 10 scrolls of magic mapping
 p - 2 scrolls of blinking
 s - a scroll of fog
 v - 17 scrolls of teleportation
 w - 2 scrolls of recharging
 A - 2 scrolls of immolation
 E - a scroll of enchant weapon
 N - 3 scrolls of fear
 R - 7 scrolls of remove curse
 U - a scroll of silence
 X - a scroll of holy word
 Z - a scroll of summoning
Potions
 b - 6 potions of berserk rage
 d - 8 potions of heal wounds
 e - 5 potions of brilliance
 k - 19 potions of curing
 l - a potion of resistance
 t - 2 potions of invisibility
 B - 6 potions of might
 D - 7 potions of agility
 F - a potion of cancellation
 H - 8 potions of lignification
 K - 3 potions of haste
 V - 3 potions of ambrosia
Books
 T - a book of the Earth

   Spells                             Type                      Level
   a - Leda's Liquefaction            Hexes/Earth                  4
   b - Bolt of Magma                  Conjuration/Fire/Earth       5
   c - Statue Form                    Transmutation/Earth          6
   d - Iron Shot                      Conjuration/Earth            6
   e - Shatter                        Earth                        9
Miscellaneous
 i - a lightning rod (4/4)
 y - a phantom mirror
 G - a fan of gales (inert)
Comestibles
 c - 17 bread rations
 f - 13 royal jellies
 L - a meat ration


   Skills:
 - Level 18.0 Fighting
 + Level 18.1 Polearms
 - Level 2.3 Armour
 - Level 20.2 Dodging
 - Level 9.1 Stealth
 - Level 10.0 Shields
 - Level 9.0 Spellcasting
 - Level 7.0 Charms
 - Level 2.1 Necromancy
 - Level 14.0 Transmutations
 - Level 20.0 Ice Magic
 - Level 10.0 Earth Magic
 - Level 7.0 Evocations


You had 19 spell levels left.
You knew the following spells:

 Your Spells              Type           Power        Failure   Level  Hunger
a - Statue Form           Tmut/Erth      ####.....    16%         6    #######
b - Yara's Violent Unrav  Hex/Tmut       ###.......   22%         5    ######.
c - Ozocubu's Armour      Chrm/Ice       ####....     1%          3    ##.....
d - Song of Slaying       Chrm           ###.....     1%          2    #......
e - Passwall              Tmut/Erth      ####......   1%          2    #......
r - Regeneration          Chrm/Necr      ###.......   6%          3    ##.....


Dungeon Overview and Level Annotations

Branches:
Dungeon (15/15)            Temple (0/1) D:7            Lair (6/6) D:9
  Swamp (4/4) Lair:4       Spider (4/4) Lair:4        Slime (5/5) Lair:6
    Orc (2/2) D:9             Elf (3/3) Orc:2        Vaults (0/5) D:13
 Depths (1/5) D:15

Altars:
Dithmenos
Kikubaaqudgha
Nemelex Xobeh
Okawaru
Qazlal
Ru
Trog
Uskayaw
Vehumet
Xom
Yredelemnul
Zin
The Shining One
Beogh

Shops:
D:7 *   D:9 !   Orc:2 [![=%   Elf:1 ![(!

Portals:
Hell: Depths:1*

Annotations:
D:11 exclusions: 2 doors and obsidian statue
Slime:5 Royal Jelly
Elf:3 2 exclusions
Abyss:1 Grinder


Innate Abilities, Weirdness & Mutations

((You revert to your normal form in water.))
((You are very nimble and swift while swimming.))
((You are very stealthy in the water. (Stealth+)))
You have a somewhat thin skeletal structure. (Dex +2, Stealth)
((You are partially covered in yellow scales. (AC +2)))
You can translocate small distances at will.
Scrolls take you longer to read.
You are clumsy. (Dex -2)
Your body sometimes deteriorates upon taking damage.
You are frail. (-10% HP)
You are resistant to hostile enchantments. (MR+)
You sometimes yell uncontrollably at your foes.
((You are covered in fur. (AC +1)))
You are resistant to electric shocks. (rElec)
Your muscles are strong. (Str +2)
Potions are less effective at restoring your health.
You expend magic power (3 MP) to strengthen your wands.


Message History

The splash of acid is repelled.
The acid blob spits acid at you. The splash of acid misses you.
The slime creature jiggles.
The slime creature completely misses you.
Your system partially rejects the healing.
You feel much better.
Your surroundings suddenly seem different.
Casting: Statue Form
Confirm with . or Enter, or press ? or * to list all spells.
Your skin crawls.
You are splashed with acid!
The walls burn you! You resist.
* * * LOW HITPOINT WARNING * * *
Your skin is crawling a little less now.
Really read with blurry vision while enemies are nearby?
You are splashed with acid!
The walls burn you! You resist.
* * * LOW HITPOINT WARNING * * *
You begin reading the scroll.
You continue reading the scroll.
You are splashed with acid!
The walls burn you! You resist.
You die...
Xom giggles madly!

. ## #..
#.#....
##.......
#8.......
#.#.......
#. J......
.. .......
##.
....... ..
....... ..
....... ..
.......


You could see the Royal Jelly (wandering).

Vanquished Creatures
  Saint Roka (Depths:1)
  An iron giant (Slime:2)
  2 deep elf blademasters (Elf:3)
  A deep elf master archer (Elf:3)
  8 acid blobs
  2 tengu reavers (Depths:1)
  A sphinx (Orc:2)
  A thorn hunter (Swamp:1)
  Agnes (Elf:2)
  9 azure jellies
  4 deep elf sorcerers (Elf:3)
  3 emperor scorpions
  5 ghost moths (Spider:4)
  A frost giant (D:15)
  5 deep elf elementalists (Elf:3)
  4 stone giants (Depths:1)
  A very ugly thing (Swamp:4)
  2 deep elf demonologists
  3 spark wasps (Spider:4)
  A dire elephant (Lair:6)
  4 deep elf annihilators
  Snorg (D:11)
  10 death oozes
  A fire dragon (D:14)
  An ettin (Depths:1)
  Josephine (D:15)
  4 great orbs of eyes
  2 deep elf high priests (Elf:3)
  4 deep elf death magi
  A yaktaur captain (Depths:1)
  2 ice dragons
  Erolcha (D:12)
  A rakshasa (Depths:1)
  26 hydras
  A catoblepas (Lair:6)
  5 centaur warriors
  2 hell hogs (Depths:1)
  30 dancing weapons
  A ghost crab (Swamp:3)
  2 death knights
  10 tengu warriors
  A deep troll shaman (Depths:1)
  2 orc high priests (Orc:2)
  14 two-headed ogres
  2 ogre magi
  2 vampire magi (Depths:1)
  2 deep troll earth magi (Depths:1)
  7 alligators
  A spriggan berserker (Swamp:4)
  16 deep elf knights
  A soul eater (Depths:1)
  Sonja (D:12)
  A hell knight (Volcano)
  4 skeletal warriors (D:13)
  4 spriggan druids (Swamp:4)
  6 deep trolls (Depths:1)
  7 swamp dragons
  A lindwurm (shapeshifter) (Lair:6)
  3 glowing orange brains
  3 lindwurms (Lair:6)
  6 shambling mangroves
  A wizard (Depths:1)
  3 orc knights
  An oklob plant (Lair:6)
  12 deep elf archers
  2 harpies (Depths:1)
  10 orb spiders
  12 ugly things
  49 deep elf magi
  26 wolf spiders
  3 cyclopes
  5 orc sorcerers (Orc:2)
  7 shining eyes
  A moth of wrath (Spider:3)
  6 manticores
  An apocalypse crab (Spider:3)
  5 black mambas
  17 elephants
  An ice statue (IceCv)
  2 molten gargoyles
  3 gargoyles
  16 spiny frogs
  6 torpor snails
  An eye of devastation (Slime:2)
  4 komodo dragons
  2 kobold demonologists (D:13)
  7 rime drakes (Lair:6)
  2 tengu conjurers
  10 trolls
  8 demonic crawlers
  11 freezing wraiths
  11 yaktaurs
  A queen bee (shapeshifter) (Elf:3)
  36 jumping spiders
  2 polar bears (Lair:6)
  12 tyrant leeches
  6 bog bodies
  Prince Ribbit (D:5)
  21 blink frogs
  33 hornets
  65 slime creatures
  7 hippogriffs
  7 dream sheep (Lair:6)
  A shadow (Swamp:2)
  6 spriggans
  4 air elementals
  19 tarantellas
  A vampire (D:15)
  52 redbacks
  5 wraiths
  The ghost of ThereIsNoGod the Ruffian, an amateur TrFi (D:4)
  2 wyverns
  4 fire bats (Volcano)
  2 water elementals
  Eustachio (D:4)
  3 fire elementals
  4 hogs (D:7)
  39 yaks
  A hog (shapeshifter) (Depths:1)
  A human (D:7)
  3 basilisks
  A hungry ghost (D:11)
  3 steam dragons (D:7)
  19 vampire mosquitoes
  A death yak simulacrum (IceCv)
  15 swamp worms
  Menkaure (D:4)
  3 wargs
  12 insubstantial wisps
  Duvessa (D:4)
  14 water moccasins
  2 soldier ants
  2 acid dragons (D:15)
  6 hell hounds (Depths:1)
  50 orc warriors
  4 porcupines
  8 ice beasts
  A sky beast (D:12)
  15 swamp drakes
  3 hornet zombies
  4 black bears
  A necrophage (D:7)
  6 eyes of draining
  3 phantoms
  16 wolves
  16 ogres
  17 centaurs
  5 big kobolds
  9 crocodiles
  4 earth elementals
  13 bullfrogs
  3 gnoll sergeants (D:9)
  Dowan (D:4)
  A wyvern skeleton (D:13)
  4 scorpions
  6 killer bees (D:8)
  An elephant simulacrum (IceCv)
  2 electric eels
  7 wights
  7 howler monkeys
  6 centaur zombies
  8 lava snakes (Volcano)
  8 crimson imps
  2 quasits
  2 draconian simulacra (IceCv)
  11 hounds
  6 jellies
  19 orc priests
  2 bullfrog skeletons
  8 centaur skeletons
  3 gnoll shamans
  3 iguanas
  39 orc wizards
  3 spriggan simulacra (IceCv)
  6 troll simulacra (IceCv)
  3 worker ants
  A polar bear simulacrum (IceCv)
  A wolf simulacrum (IceCv)
  3 centaur simulacra (IceCv)
  2 hound zombies
  A hound skeleton (D:10)
  4 mummies (Ossuary)
  2 worker ant zombies
  23 gnolls
  A howler monkey skeleton (D:9)
  18 adders
  4 naga simulacra (IceCv)
  2 ogre simulacra (IceCv)
  3 shadow imps
  12 white imps (IceCv)
  An adder skeleton (D:9)
  3 dart slugs
  4 worms
  2 leopard geckos
  104 orcs
  7 bats
  10 giant cockroaches
  9 goblins
  7 hobgoblins
  16 jackals
  13 kobolds
  6 quokkas
  A ball python (D:2)
  10 frilled lizards
  3 gnoll zombies (Ossuary)
  3 goblin skeletons (Ossuary)
  A goblin zombie (Ossuary)
  3 hobgoblin skeletons (Ossuary)
  3 hobgoblin zombies (Ossuary)
  3 kobold skeletons (Ossuary)
  4 kobold zombies (Ossuary)
  3 orc skeletons (Ossuary)
  An orc zombie (Ossuary)
  4 rats
  3 rat skeletons (Ossuary)
  3 rat zombies (Ossuary)
  A fire vortex (Elf:3)
  A plant (Lair:6)
1557 creatures vanquished.

Vanquished Creatures (collateral kills)
  Sojobo (Depths:1)
  A deep elf blademaster (Elf:3)
  2 tengu reavers (Depths:1)
  A deep elf demonologist (Elf:3)
  4 deep elf annihilators (Elf:3)
  An ettin (D:12)
  A deep elf death mage (Elf:3)
  A deep troll (Depths:1)
  A deep elf archer (Elf:2)
  A deep elf mage (Elf:1)
  2 orc knights
  4 orb spiders
  An orc sorcerer (Orc:2)
  6 ugly things (D:15)
  2 wolf spiders (Spider:1)
  An elephant (Lair:6)
  A centaur skeleton (D:13)
  A yaktaur (D:13)
  3 jumping spiders (Spider:1)
  A tyrant leech (Swamp:3)
  A slime creature (Depths:1)
  A redback (Spider:1)
  A tarantella (Spider:4)
  A fire elemental (Elf:3)
  A hungry ghost (D:15)
  A warg (Orc:2)
  3 orc warriors
  A big kobold (D:13)
  2 hounds (D:9)
  An orc wizard (Orc:2)
  A gnoll (D:9)
  An orc (D:4)
  A jackal (D:4)
  A kobold (D:13)
53 creatures vanquished.

Vanquished Creatures (others)
  An azure jelly (Slime:3)
  A great orb of eyes (Depths:1)
  4 dancing weapons
  A deep elf knight (Elf:2)
  A deep troll (Depths:1)
  An orb spider (Spider:4)
  A wolf spider (Spider:1)
  A deep elf mage (Elf:1)
  A black mamba (Lair:6)
  A yaktaur (Volcano)
  A demonic crawler (Spider:4)
  A hornet (Lair:6)
  A redback (Spider:4)
  An air elemental (Elf:3)
  A swamp drake (Swamp:4)
  An electric eel (D:14)
  A gnoll zombie (Ossuary)
  A gnoll skeleton (Ossuary)
  3 goblin skeletons (Ossuary)
  2 goblin zombies (Ossuary)
  4 hobgoblin skeletons (Ossuary)
  3 hobgoblin zombies (Ossuary)
  2 kobold skeletons (Ossuary)
  3 orc zombies (Ossuary)
  A rat zombie (Ossuary)
  2 bushes (Lair:6)
  30 fungi (Lair:6)
  35 plants
106 creatures vanquished.

Grand Total: 1716 creatures vanquished

Notes
Turn   | Place    | Note
-------+----------+-------------------------------------------
     0 | D:1      | Irenicus the Merfolk Chaos Knight began the quest for the Orb.
     0 | D:1      | Reached XP level 1. HP: 18/18 MP: 1/1
    41 | D:1      | XOM: harmless Tloc miscast
    42 | D:1      | Reached skill level 5 in Polearms
    75 | D:1      | Reached XP level 2. HP: 24/24 MP: 2/2
   361 | D:1      | XOM: silly message
   396 | D:2      | Reached XP level 3. HP: 29/29 MP: 3/3
   548 | D:2      | Reached XP level 4. HP: 17/35 MP: 4/4
   563 | D:2      | XOM: divination: detect creatures
   798 | D:2      | XOM: silly message
   879 | D:2      | XOM: medium Necr miscast
   913 | D:2      | XOM: god gift: fine trident {god gift}
   914 | D:2      | Got a fine trident {god gift}
   915 | D:2      | Identified the +2 trident "Dohiapet" {chaos, +Fly rElec Str-3 Dex+3} (Xom gifted it to you on level 2 of the Dungeon)
   938 | D:3      | XOM: cast spell 'Olgreb's Toxic Radiance'
   994 | D:3      | XOM: confuse monster(s)
  1060 | D:3      | Found a stormy altar of Qazlal.
  1236 | D:3      | Reached XP level 5. HP: 41/41 MP: 5/5
  1443 | D:3      | You fall through a shaft!
  1494 | D:4      | Noticed an ogre
  1504 | D:4      | XOM: potion effect (brilliance)
  1513 | D:4      | Killed an ogre
  1513 | D:4      | Reached XP level 6. HP: 39/47 MP: 6/6
  1571 | D:4      | XOM: harmless Necr miscast
  1599 | D:4      | Reached skill level 10 in Polearms
  1644 | D:4      | XOM: potion effect (haste)
  1645 | D:4      | XOM: potion effect (might)
  1763 | D:4      | Noticed ThereIsNoGod's ghost (amateur TrFi)
  1789 | D:4      | XOM: noise
  1793 | D:4      | XOM: summons friendly shadow imp
  1794 | D:4      | XOM: torment (20/47 hp)
  1797 | D:4      | XOM: swap monsters
  1810 | D:4      | XOM: mild Fire miscast
  1814 | D:4      | Killed ThereIsNoGod's ghost
  1814 | D:4      | Reached XP level 7. HP: 16/52 MP: 7/7
  1861 | D:4      | XOM: summons 1 hostile shadow creature
  2047 | D:4      | XOM: god gift: 12 arrows
  2094 | D:4      | Noticed Menkaure
  2112 | D:4      | Noticed Grinder
  2119 | D:4      | Noticed Duvessa
  2120 | D:4      | XOM: cast spell 'Summon Butterflies'
  2121 | D:4      | Banished Grinder
  2130 | D:4      | XOM: potion effect (might)
  2133 | D:4      | Killed Duvessa
  2133 | D:4      | Reached skill level 1 in Evocations
  2133 | D:4      | Reached XP level 8. HP: 48/58 MP: 8/8
  2135 | D:4      | Noticed Dowan
  2135 | D:4      | XOM: noise
  2147 | D:4      | Killed Dowan
  2149 | D:4      | Killed Menkaure
  2156 | D:4      | Noticed Eustachio
  2165 | D:4      | Killed Eustachio
  2398 | D:5      | Entered Level 5 of the Dungeon
  2441 | D:5      | Noticed Prince Ribbit
  2451 | D:5      | XOM: divination: magic mapping
  2452 | D:5      | Killed Prince Ribbit
  2480 | D:5      | Found a sparkling altar of Nemelex Xobeh.
  2569 | D:5      | Found a basalt altar of Yredelemnul.
  2577 | D:5      | Found a bloodstained altar of Trog.
  2624 | D:5      | Found a sand-covered staircase.
  2631 | Ossuary  | Entered an ossuary
  2660 | Ossuary  | XOM: medium Pois miscast
  2892 | Ossuary  | XOM: noise
  2893 | Ossuary  | XOM: stat loss: -1 Int (11/12)
  3035 | D:5      | Found a shadowy altar of Dithmenos.
  3037 | D:5      | Found an ancient bone altar of Kikubaaqudgha.
  3318 | D:6      | Reached XP level 9. HP: 65/65 MP: 9/9
  3379 | D:6      | Reached skill level 15 in Polearms
  3382 | D:6      | XOM: silly message
  3400 | D:6      | XOM: confuse monster(s)
  3417 | D:6      | Reached skill level 5 in Fighting
  3723 | D:6      | XOM: harmless Air miscast
  3772 | D:6      | Found an iron altar of Okawaru.
  3794 | D:6      | XOM: noise
  3897 | D:7      | Found a bloodstained altar of Trog.
  3901 | D:7      | XOM: confusion (+ monsters)
  3911 | D:7      | Reached skill level 5 in Dodging
  3948 | D:7      | XOM: polymorph orc warrior -> ogre
  4008 | D:7      | XOM: noise
  4011 | D:7      | XOM: cast spell 'Necromutation'
  4012 | D:7      | XOM: confusion
  4110 | D:7      | XOM: enchant monster (bad)
  4207 | D:7      | XOM: harmless Hex miscast
  4301 | D:7      | XOM: blink monster(s)
  4325 | D:7      | Found Eperew's Assorted Antiques.
  4429 | D:7      | Reached skill level 10 in Dodging
  4429 | D:7      | Reached XP level 10. HP: 65/74 MP: 10/10
  4435 | D:7      | XOM: noise
  4553 | D:7      | Found a sacrificial altar of Ru.
  4721 | D:7      | Found a staircase to the Ecumenical Temple.
  4893 | D:7      | XOM: medium Erth miscast
  4942 | D:8      | Noticed a two-headed ogre
  4954 | D:8      | XOM: swap monsters
  4958 | D:8      | XOM: silly message
  4964 | D:8      | Killed a two-headed ogre
  5029 | D:8      | Got a faintly glowing cloak
  5040 | D:8      | Identified the cursed -1 cloak of the Ban {Str+6} (You found it on level 8 of the Dungeon)
  5248 | D:8      | Found a glowing silver altar of Zin.
  5259 | D:8      | Noticed a two-headed ogre
  5313 | D:8      | Found a radiant altar of Vehumet.
  5424 | D:8      | XOM: silly message
  5780 | D:9      | Found a hide-covered altar of Uskayaw.
  5780 | D:9      | Noticed a dagger
  5780 | D:9      | Noticed a hand axe
  5843 | D:9      | Found a glowing golden altar of the Shining One.
  5870 | D:9      | XOM: potion effect (invisibility)
  5891 | D:9      | Got a brightly glowing trident
  5896 | D:8      | Identified the +9 trident of Wyrd {pierce, Fragile rElec rPois} (You found it on level 9 of the Dungeon)
  5901 | D:9      | XOM: divination: detect items
  5942 | D:9      | Found Perchec's Distillery.
  6047 | D:9      | XOM: god gift: 31 gold pieces
  6062 | D:9      | Found a staircase to the Lair.
  6065 | D:9      | XOM: confuse monster(s)
  6071 | D:9      | Found a staircase to the Orcish Mines.
  6079 | D:9      | XOM: cast spell 'Cause Fear'
  6089 | D:9      | Reached XP level 11. HP: 55/86 MP: 11/11
  6517 | D:10     | Entered Level 10 of the Dungeon
  6637 | D:10     | Found a flagged portal.
  6691 | D:10     | XOM: divination: detect items
  6728 | Bailey   | Entered a bailey
  6868 | Bailey   | XOM: enchant monster (good)
  6904 | Bailey   | Noticed an orc knight
  7086 | Bailey   | Killed an orc knight
  7086 | Bailey   | Reached skill level 10 in Fighting
  7103 | Bailey   | XOM: polymorph gnoll -> adder
  7122 | Bailey   | XOM: divination: detect items
  7189 | Bailey   | XOM: stat loss: -1 Int (11/12)
  7259 | Bailey   | Noticed an orc knight
  7260 | Bailey   | XOM: medium Ice miscast
  7261 | Bailey   | XOM: summons friendly soul eater
  7279 | Bailey   | Noticed an orc knight
  7282 | Bailey   | Killed an orc knight
  7295 | Bailey   | XOM: severe Conj miscast
  7295 | Bailey   | HP: 4/92 [something (17)]
  7302 | Bailey   | an orc knight changed into a swamp worm
  7302 | Bailey   | XOM: polymorph orc knight -> swamp worm
  7307 | Bailey   | XOM: harmless Pois miscast
  7466 | Bailey   | XOM: give mutations
  7466 | Bailey   | Gained mutation: Scrolls take you a little longer to read. [Xom's mischief]
  7466 | Bailey   | Gained mutation: You are dopey. (Int -2) [Xom's mischief]
  7466 | Bailey   | Lost mutation: Scrolls take you a little longer to read. [Xom's mischief]
  7578 | D:10     | XOM: swap monsters
  7599 | D:10     | XOM: stat loss: -1 Int (8/10)
  8055 | D:11     | Noticed Snorg
  8062 | D:11     | XOM: 1-stop teleportation journey
  8085 | D:11     | XOM: swap monsters
  8132 | D:11     | XOM: god gift: 42 gold pieces
  8157 | D:11     | XOM: harmless Air miscast
  8168 | D:11     | XOM: enchant monster (good)
  8172 | D:11     | XOM: potion effect (might)
  8178 | D:11     | Killed Snorg
  8178 | D:11     | Reached skill level 1 in Stealth
  8219 | D:11     | XOM: butterfly on damage
  8422 | D:11     | XOM: silly message
  8460 | D:11     | XOM: potion effect (agility)
  8464 | D:11     | XOM: divination: magic mapping
  8488 | D:11     | Noticed a green ugly thing
  8491 | D:11     | XOM: harmless Erth miscast
  8493 | D:11     | Killed a green ugly thing
  8586 | D:11     | Reached XP level 12. HP: 72/100 MP: 12/12
  8625 | D:11     | Reached skill level 5 in Stealth
  8637 | D:11     | XOM: harmless Fire miscast
  8664 | D:11     | XOM: harmless Necr miscast
  8750 | D:11     | Killed a two-headed ogre
  8859 | D:11     | XOM: give mutations
  8859 | D:11     | Gained mutation: You are resistant to hostile enchantments. (MR+) [Xom's mischief]
  8865 | D:11     | Reached skill level 15 in Dodging
  9052 | D:11     | XOM: silly message
  9360 | D:12     | Noticed Sonja
  9367 | D:12     | Killed Sonja
  9411 | D:12     | Noticed Erolcha
  9427 | D:12     | Killed Erolcha
  9528 | D:12     | Noticed a tengu warrior
  9539 | D:12     | XOM: noise
  9559 | D:12     | Killed a tengu warrior
  9559 | D:12     | XOM: harmless Necr miscast
  9571 | D:12     | Gained mutation: You tend to lose your temper in combat. [mutagenic meat]
  9572 | D:12     | Gained mutation: You are resistant to electric shocks. (rElec) [mutagenic meat]
  9574 | D:12     | Lost mutation: You tend to lose your temper in combat. [mutagenic meat]
  9593 | D:12     | Noticed an eight-headed hydra
  9617 | D:12     | XOM: smoke on damage
 10359 | D:12     | XOM: potion effect (might)
 10364 | D:12     | Reached skill level 1 in Armour
 10496 | D:12     | XOM: god gift: morningstar {god gift}
 10537 | D:12     | XOM: enchant monster (good)
 10547 | D:12     | Noticed an ettin
 10547 | D:12     | an eight-headed hydra changed into an ettin
 10555 | D:12     | XOM: summons 4 friendly demons
 10556 | D:12     | XOM: scenery: create altars
 10559 | D:12     | Killed an ettin
 10668 | D:13     | Noticed a death knight
 10681 | D:13     | XOM: summons 7 friendly demons
 10691 | D:13     | Killed a death knight
 10691 | D:13     | Reached XP level 13. HP: 106/106 MP: 13/13
 10743 | D:13     | XOM: fog
 10803 | D:13     | XOM: god gift: scroll labeled ONYSUEKHIEZA {god gift}
 10824 | D:13     | XOM: harmless Ice miscast
 10857 | D:13     | XOM: swap monsters
 10918 | D:13     | XOM: summons friendly iron imp
 10945 | D:13     | XOM: fog
 10957 | D:13     | XOM: cleaving
 10959 | D:13     | XOM: fog
 11050 | D:10     | XOM: scenery: 1 doors open, 1 doors close
 11120 | Orc:1    | Entered Level 1 of the Orcish Mines
 11349 | Orc:2    | Entered Level 2 of the Orcish Mines
 11349 | Orc:2    | Found Jiecsueg's Food Emporium.
 11351 | Orc:2    | XOM: confuse monster(s)
 11359 | Orc:2    | Noticed an orc warlord
 11364 | Orc:2    | XOM: enchant monster (good)
 11365 | Orc:2    | XOM: confuse monster(s)
 11408 | Orc:2    | XOM: silly message
 11443 | Orc:1    | XOM: god gift: curved smoking staff {god gift}
 11458 | Orc:1    | XOM: 1-stop teleportation journey
 11594 | Orc:2    | XOM: harmless Tmut miscast
 11653 | Orc:1    | XOM: harmless Tmut miscast
 11861 | Orc:2    | XOM: divination: magic mapping
 11866 | Orc:2    | Noticed a sphinx
 11866 | Orc:2    | an orc warlord changed into a sphinx
 11869 | Orc:2    | XOM: confuse monster(s)
 11878 | Orc:2    | Killed a sphinx
 11996 | Orc:2    | XOM: god gift: 32 gold pieces
 12064 | Orc:2    | Found a roughly hewn altar of Beogh.
 12163 | Orc:2    | Found a staircase to the Elven Halls.
 12204 | Orc:2    | XOM: potion effect (curing)
 12206 | Orc:2    | XOM: harmless Summ miscast
 12254 | Orc:2    | XOM: divination: detect creatures
 12259 | Orc:2    | XOM: divination: magic mapping
 12678 | Orc:2    | Reached skill level 15 in Fighting
 12787 | Orc:2    | XOM: potion effect (haste)
 12830 | Orc:2    | Found Vaenud's Armour Shoppe.
 12830 | Orc:2    | Found Oqit's Antique Armour Emporium.
 12831 | Orc:2    | Found Ikug's Distillery.
 12834 | Orc:2    | Found Venac's Jewellery Shoppe.
 13135 | Orc:2    | Bought a potion of heal wounds for 90 gold pieces
 13135 | Orc:2    | Bought a potion of heal wounds for 90 gold pieces
 13135 | Orc:2    | Bought a potion of berserk rage for 90 gold pieces
 13141 | Orc:2    | Bought an uncursed ring of see invisible for 195 gold pieces
 13141 | Orc:2    | Bought a +4 amulet of reflection for 351 gold pieces
 13143 | Orc:2    | Bought an uncursed ring of protection from cold for 325 gold pieces
 13193 | Lair:1   | Entered Level 1 of the Lair of Beasts
 13232 | Lair:1   | Found a frozen archway.
 13240 | IceCv    | XOM: noise
 13240 | IceCv    | Entered an ice cave
 13332 | IceCv    | Reached XP level 14. HP: 101/123 MP: 14/14
 13376 | IceCv    | XOM: 3-stop teleportation journey
 13592 | IceCv    | XOM: 2-stop teleportation journey
 13673 | IceCv    | XOM: blink monster(s)
 13746 | IceCv    | Found an ancient bone altar of Kikubaaqudgha.
 13847 | IceCv    | XOM: give mutations
 13847 | IceCv    | Lost mutation: You are resistant to electric shocks. (rElec) [Xom's mischief]
 13847 | IceCv    | Lost mutation: You are resistant to hostile enchantments. (MR+) [Xom's mischief]
 13847 | IceCv    | Gained mutation: Armour fits poorly on your strangely shaped body. [Xom's mischief]
 13847 | IceCv    | Gained mutation: Your body sometimes deteriorates upon taking damage. [Xom's mischief]
 13886 | IceCv    | XOM: polymorph necromancer -> glowing orange brain
 14101 | Lair:1   | XOM: summons 1 hostile demon
 14108 | Lair:1   | XOM: enchant monster (bad)
 14150 | Lair:1   | XOM: chaos cloud
 14177 | Lair:1   | XOM: give mutations
 14177 | Lair:1   | Gained mutation: Potions are less effective at restoring your health. [Xom's mischief]
 14177 | Lair:1   | Gained mutation: You are frail. (-10% HP) [Xom's mischief]
 14177 | Lair:1   | Lost mutation: Armour fits poorly on your strangely shaped body. [Xom's mischief]
 14177 | Lair:1   | Gained mutation: Scrolls take you a little longer to read. [Xom's mischief]
 14202 | Lair:1   | XOM: give mutations
 14202 | Lair:1   | Gained mutation: You have a pair of small horns on your head. [Xom's mischief]
 14202 | Lair:1   | Gained mutation: You occasionally shout uncontrollably at your foes. [Xom's mischief]
 14202 | Lair:1   | Gained mutation: You are weak. (Str -2) [Xom's mischief]
 14202 | Lair:1   | Gained mutation: Armour fits poorly on your strangely shaped body. [Xom's mischief]
 14303 | Lair:1   | XOM: medium Erth miscast
 14522 | Lair:1   | XOM: summons 7 hostile demons
 14619 | Lair:2   | XOM: 3-stop teleportation journey
 14662 | Lair:2   | XOM: medium Ice miscast
 14702 | Lair:2   | XOM: harmless Tloc miscast
 15469 | Lair:3   | XOM: chaos cloud
 15485 | Lair:3   | XOM: swap monsters
 15561 | Lair:3   | XOM: harmless Tloc miscast
 15742 | Lair:3   | XOM: summons 2 friendly demons
 15757 | Lair:3   | XOM: cast spell 'Metabolic Englaciation'
 16308 | Lair:4   | Found a hole to the Spider Nest.
 16401 | Lair:4   | Found a staircase to the Swamp.
 16408 | Lair:4   | XOM: enchant monster (bad)
 16663 | Lair:4   | XOM: confuse monster(s)
 16879 | Lair:4   | XOM is BORED!
 16879 | Lair:4   | XOM: medium Tmut miscast
 17009 | Lair:4   | XOM: harmless Summ miscast
 17222 | Lair:4   | XOM: cleaving
 17225 | Lair:4   | XOM: enchant monster (good)
 17426 | Lair:5   | Found a dark tunnel.
 17444 | Lair:5   | Lost mutation: Your body sometimes deteriorates upon taking damage. [potion of mutation]
 17444 | Lair:5   | Lost mutation: You are frail. (-10% HP) [potion of mutation]
 17444 | Lair:5   | Lost mutation: Scrolls take you a little longer to read. [potion of mutation]
 17444 | Lair:5   | Lost mutation: Potions are less effective at restoring your health. [potion of mutation]
 17444 | Lair:5   | Lost mutation: You occasionally shout uncontrollably at your foes. [potion of mutation]
 17444 | Lair:5   | Gained mutation: Scrolls take you a little longer to read. [potion of mutation]
 17444 | Lair:5   | Lost mutation: You are dopey. (Int -2) [potion of mutation]
 17447 | Volcano  | Entered a volcano
 17458 | Volcano  | Lost mutation: You are weak. (Str -2) [potion of mutation]
 17458 | Volcano  | Lost mutation: Armour fits poorly on your strangely shaped body. [potion of mutation]
 17458 | Volcano  | Lost mutation: You have a pair of small horns on your head. [potion of mutation]
 17458 | Volcano  | Lost mutation: Scrolls take you a little longer to read. [potion of mutation]
 17458 | Volcano  | Gained mutation: Your magical capacity is low. (-10% MP) [potion of mutation]
 17458 | Volcano  | Gained mutation: You are somewhat resistant to further mutation. [potion of mutation]
 17513 | Volcano  | XOM: 1-stop teleportation journey
 17625 | Volcano  | Reached XP level 15. HP: 125/131 MP: 14/14
 17721 | Volcano  | Found a burning altar of Makhleb.
 17803 | Lair:5   | XOM: 3-stop teleportation journey
 17811 | Lair:5   | Learned a level 6 spell: Statue Form
 17831 | Lair:5   | XOM: enchant monster (good)
 17835 | Lair:5   | Reached skill level 1 in Transmutations
 17850 | Lair:5   | XOM: confusion (+ monsters)
 18130 | Lair:5   | XOM is BORED!
 18176 | Lair:5   | XOM: enchant monster (good)
 18195 | Lair:5   | XOM: confuse monster(s)
 18199 | Lair:5   | XOM: enchant monster (good)
 18463 | Lair:6   | Entered Level 6 of the Lair of Beasts
 18467 | Lair:6   | Reached skill level 5 in Transmutations
 18494 | Lair:6   | XOM: noise
 18495 | Lair:6   | XOM: cleaving
 18510 | Lair:6   | XOM: swap monsters
 18513 | Lair:6   | XOM: summons 6 hostile demons
 18515 | Lair:6   | XOM: scenery: create altars
 18527 | Lair:6   | XOM: confusion
 18529 | Lair:6   | XOM: polymorph blink frog -> shapeshifter
 18530 | Lair:6   | XOM: scenery: 1 doors open
 18531 | Lair:6   | Noticed Nessos
 18539 | Lair:6   | Noticed Nessos
 18539 | Lair:6   | Nessos changed into Nessos the glowing orange brain
 18539 | Lair:6   | XOM: polymorph Nessos -> Nessos the glowing orange brain
 18546 | Lair:6   | Killed Nessos the glowing orange brain
 18592 | Lair:6   | XOM: mild Ice miscast
 18596 | Lair:6   | XOM: mild Conj miscast
 18623 | Lair:6   | XOM: harmless Erth miscast
 18949 | Lair:6   | XOM: silly message
 18966 | Lair:6   | Reached skill level 1 in Spellcasting
 19094 | Lair:6   | XOM: potion effect (curing)
 19098 | Lair:6   | XOM: mild Pois miscast
 19142 | Lair:6   | XOM: potion effect (heal wounds)
 19148 | Lair:6   | XOM: potion effect (invisibility)
 19150 | Lair:6   | XOM: harmless Hex miscast
 19206 | Lair:6   | XOM: divination: detect creatures
 19310 | Lair:6   | Found a staircase to the Slime Pits.
 19378 | Lair:6   | Found a runed door.
 19471 | Lair:6   | XOM: potion effect (invisibility)
 19480 | Lair:6   | XOM: silly message
 19488 | Lair:6   | Reached skill level 5 in Spellcasting
 19618 | Lair:6   | XOM: divination: detect items
 19625 | Lair:6   | XOM: harmless Tmut miscast
 19674 | Lair:6   | XOM: potion effect (brilliance)
 19675 | Lair:6   | XOM: potion effect (curing)
 19707 | Lair:6   | XOM: noise
 19738 | Lair:6   | XOM: destruction
 19748 | Lair:6   | XOM: give mutations
 19748 | Lair:6   | Gained mutation: Armour fits poorly on your strangely shaped body. [Xom's mischief]
 19748 | Lair:6   | Gained mutation: Your body sometimes deteriorates upon taking damage. [Xom's mischief]
 19748 | Lair:6   | Gained mutation: Your body often deteriorates upon taking damage. [Xom's mischief]
 19748 | Lair:6   | Gained mutation: You are partially covered in slimy green scales. (AC +2) [Xom's mischief]
 19753 | Lair:6   | XOM: enchant monster (good)
 19754 | Lair:6   | XOM: harmless Chrm miscast
 19755 | Lair:6   | XOM: blink monster(s)
 19760 | Lair:6   | XOM: confuse monster(s)
 19775 | Lair:6   | XOM: summons friendly white imp
 19836 | Lair:6   | XOM: confuse monster(s)
 19849 | Lair:6   | XOM: snakes to sticks
 19850 | Lair:6   | XOM: blink monster(s)
 19926 | Lair:6   | XOM: mild Pois miscast
 19933 | Lair:6   | XOM: confuse monster(s)
 20046 | Lair:6   | XOM: snakes to sticks
 20099 | Lair:6   | Reached skill level 10 in Transmutations
 20109 | Lair:6   | XOM: noise
 20132 | Lair:6   | XOM: confusion (+ monsters)
 20164 | Lair:6   | Reached skill level 1 in Earth Magic
 20190 | Lair:6   | XOM: harmless Ice miscast
 20204 | Lair:6   | XOM: potion effect (berserk rage)
 20212 | Lair:6   | XOM: summons friendly iron imp
 20214 | Lair:6   | XOM: confuse monster(s)
 20251 | Lair:6   | XOM: cast spell 'Summon Mana Viper'
 20423 | Lair:6   | XOM: smoke on damage
 20428 | Lair:6   | XOM: harmless Fire miscast
 20446 | Lair:6   | XOM: silly message
 20447 | Lair:6   | XOM: silly message
 20563 | Lair:6   | XOM: cloud trail
 20585 | Lair:6   | XOM: scenery: 1 doors open
 20895 | Lair:4   | XOM: cloud trail
 20931 | Swamp:1  | Entered Level 1 of the Swamp
 20996 | Swamp:1  | Reached XP level 16. HP: 115/138 MP: 21/21
 20998 | Swamp:1  | XOM: divination: magic mapping
 21049 | Swamp:1  | XOM: summons friendly shadow imp
 21216 | Swamp:1  | XOM: summons 7 friendly demons
 21238 | Swamp:1  | Reached skill level 5 in Earth Magic
 21248 | Swamp:1  | Noticed a thorn hunter
 21386 | Swamp:2  | XOM: cloud trail
 21443 | Swamp:1  | XOM: potion effect (haste)
 21449 | Swamp:1  | XOM: divination: magic mapping
 21465 | Swamp:1  | XOM: divination: magic mapping
 21468 | Swamp:1  | Killed a thorn hunter
 21654 | Swamp:2  | XOM: potion effect (might)
 21664 | Swamp:2  | XOM: potion effect (brilliance)
 21731 | Swamp:2  | XOM: potion effect (might)
 21784 | Swamp:2  | XOM: silly message
 21792 | Swamp:2  | XOM: cloud trail
 22371 | Swamp:3  | XOM: blink monster(s)
 22459 | Swamp:3  | XOM: medium Summ miscast
 22546 | Swamp:3  | XOM: cleaving
 22632 | Swamp:3  | XOM: fog
 22982 | Swamp:4  | Entered Level 4 of the Swamp
 22992 | Swamp:4  | XOM: confuse monster(s)
 23005 | Swamp:3  | XOM: scenery: create altars
 23045 | Swamp:3  | XOM: summons 6 friendly demons
 23110 | Swamp:4  | XOM: divination: detect items
 23117 | Swamp:4  | XOM: mild Erth miscast
 23135 | Swamp:4  | XOM: confuse monster(s)
 23218 | Swamp:3  | XOM: divination: magic mapping
 23219 | Swamp:3  | XOM: confusion
 23225 | Swamp:3  | XOM: enchant monster (bad)
 23231 | Swamp:3  | XOM: swap monsters
 23460 | Swamp:4  | XOM: scenery: create altars
 23465 | Swamp:4  | XOM: divination: magic mapping
 23972 | Swamp:4  | XOM: potion effect (berserk rage)
 24210 | Swamp:4  | XOM: god gift: wavering glass ring {god gift}
 24212 | Swamp:4  | Got a wavering glass ring {god gift}
 24214 | Swamp:4  | Identified the ring of Buxyraenebb {MR+ Str+3} (Xom gifted it to you on level 4 of the Swamp)
 24360 | Swamp:4  | XOM: enchant monster (bad)
 24372 | Swamp:4  | XOM: swap monsters
 24376 | Swamp:4  | XOM: give mutation
 24376 | Swamp:4  | Lost mutation: Your body often deteriorates upon taking damage. [Xom's mischief]
 24377 | Swamp:4  | XOM: noise
 24380 | Swamp:4  | XOM: silly message
 24406 | Swamp:4  | XOM: silly message
 24412 | Swamp:4  | XOM: blink monster(s)
 24483 | Swamp:4  | XOM: harmless Air miscast
 24488 | Swamp:4  | XOM: confuse monster(s)
 24620 | Swamp:4  | XOM: noise
 24624 | Swamp:4  | XOM: summons friendly shadow imp
 24800 | Swamp:4  | XOM: divination: detect items
 24811 | Swamp:4  | XOM: summons friendly iron imp
 24815 | Swamp:4  | Reached XP level 17. HP: 135/144 MP: 26/26
 24902 | Swamp:4  | XOM: potion effect (haste)
 24903 | Swamp:4  | XOM: divination: detect items
 24929 | Swamp:4  | XOM: confuse monster(s)
 24946 | Swamp:4  | XOM: blink monster(s)
 25004 | Swamp:4  | Got a decaying rune of Zot
 25246 | Spider:1 | Entered Level 1 of the Spider Nest
 25249 | Spider:1 | XOM: enchant monster (bad)
 25490 | Spider:1 | XOM: summons friendly iron imp
 25492 | Spider:1 | XOM: cast spell 'Death Channel'
 25782 | Spider:1 | Reached skill level 1 in Shields
 25831 | Spider:1 | Identified a scroll of acquirement
 25832 | Spider:1 | Identified the amulet "Bulinaj" {+Rage rC+ Dex+2} (You acquired it on level 1 of the Spider Nest)
 26096 | Spider:2 | Lost mutation: Your body sometimes deteriorates upon taking damage. [potion of mutation]
 26096 | Spider:2 | Lost mutation: You are partially covered in slimy green scales. (AC +2) [potion of mutation]
 26096 | Spider:2 | Lost mutation: You are somewhat resistant to further mutation. [potion of mutation]
 26096 | Spider:2 | Gained mutation: You possess an exceptional clarity of mind. [potion of mutation]
 26096 | Spider:2 | Gained mutation: You are partially covered in icy blue scales. (AC +2) [potion of mutation]
 26096 | Spider:2 | Gained mutation: You are resistant to hostile enchantments. (MR+) [potion of mutation]
 26118 | Spider:2 | Lost mutation: You are resistant to hostile enchantments. (MR+) [potion of mutation]
 26118 | Spider:2 | Lost mutation: You possess an exceptional clarity of mind. [potion of mutation]
 26118 | Spider:2 | Lost mutation: Your magical capacity is low. (-10% MP) [potion of mutation]
 26118 | Spider:2 | Lost mutation: Armour fits poorly on your strangely shaped body. [potion of mutation]
 26118 | Spider:2 | Gained mutation: You possess an exceptional clarity of mind. [potion of mutation]
 26118 | Spider:2 | Gained mutation: You are resistant to hostile enchantments. (MR+) [potion of mutation]
 26118 | Spider:2 | Gained mutation: You are partially covered in thin metallic scales. (AC +2) [potion of mutation]
 26395 | Spider:3 | XOM: divination: detect items
 26402 | Spider:3 | XOM: potion effect (invisibility)
 26405 | Spider:3 | XOM: polymorph demonic crawler -> apocalypse crab
 26418 | Spider:3 | XOM: enchant monster (bad)
 26518 | Spider:3 | Reached skill level 5 in Shields
 26563 | Spider:3 | XOM: mild Erth miscast
 26570 | Spider:3 | XOM: harmless Chrm miscast
 26657 | Spider:3 | Identified the +2 ring mail of Parlour Games {rPois rF++ Dex+4} (You found it on level 3 of the Spider Nest)
 27004 | Spider:3 | Learned a level 5 spell: Yara's Violent Unravelling
 27053 | Spider:4 | Entered Level 4 of the Spider Nest
 27146 | Spider:4 | XOM: divination: detect items
 27237 | Spider:4 | XOM: medium Tmut miscast
 27242 | Spider:4 | Gained mutation: You are weak. (Str -2) [mutagenic glow]
 27256 | Spider:4 | XOM: blink monster(s)
 27405 | Spider:4 | XOM: cast spell 'Summon Butterflies'
 27422 | Spider:4 | XOM: harmless Tmut miscast
 27492 | Spider:4 | XOM: 3-stop teleportation journey
 27538 | Spider:4 | XOM: polymorph redback -> manticore
 27554 | Spider:4 | XOM: destruction
 27566 | Spider:4 | XOM: enchant monster (bad)
 27579 | Spider:4 | XOM: potion effect (brilliance)
 27588 | Spider:4 | XOM: summons friendly iron imp
 27721 | Spider:4 | XOM: scenery: create altars
 27941 | Spider:4 | XOM: confuse monster(s)
 28162 | Spider:4 | XOM: cast spell 'Monstrous Menagerie'
 28234 | Spider:4 | XOM: potion effect (haste)
 28255 | Spider:4 | XOM: scenery: create altars
 28270 | Spider:4 | Reached skill level 10 in Earth Magic
 28320 | Spider:4 | XOM: harmless Tloc miscast
 28357 | Spider:4 | XOM: harmless Chrm miscast
 28362 | Spider:4 | XOM: divination: detect creatures
 28364 | Spider:4 | XOM: mild Ice miscast
 28375 | Spider:4 | Lost mutation: You are weak. (Str -2) [mutagenic meat]
 28505 | Spider:4 | XOM: enchant monster (good)
 28509 | Spider:4 | XOM: cast spell 'Cause Fear'
 28513 | Spider:4 | XOM: enchant monster (bad)
 28528 | Spider:4 | XOM: blink monster(s)
 28538 | Spider:4 | XOM: silly message
 28555 | Spider:4 | Reached XP level 18. HP: 127/151 MP: 0/30
 28754 | Spider:4 | XOM: summons 2 friendly demons
 29050 | Spider:4 | XOM: confuse monster(s)
 29111 | Spider:4 | XOM: harmless Tloc miscast
 29148 | Spider:4 | Gained mutation: You are dopey. (Int -2) [mutagenic meat]
 29149 | Spider:4 | Lost mutation: You are partially covered in thin metallic scales. (AC +2) [mutagenic meat]
 29150 | Spider:4 | Lost mutation: You possess an exceptional clarity of mind. [mutagenic meat]
 29212 | Spider:4 | XOM: confuse monster(s)
 29247 | Spider:4 | Got a gossamer rune of Zot
 29267 | Spider:4 | XOM: blink monster(s)
 29299 | Spider:4 | Reached skill level 5 in Evocations
 29388 | Spider:4 | XOM: mild Summ miscast
 29404 | Spider:4 | XOM: give mutations
 29404 | Spider:4 | Gained mutation: You are clumsy. (Dex -2) [Xom's mischief]
 29404 | Spider:4 | Lost mutation: You are dopey. (Int -2) [Xom's mischief]
 29684 | D:13     | XOM: harmless Erth miscast
 29730 | D:13     | XOM: harmless Hex miscast
 29740 | D:13     | XOM: summons friendly crimson imp
 29745 | D:13     | XOM: enchant monster (good)
 29763 | D:13     | XOM: enchant monster (bad)
 29877 | D:13     | XOM: summons friendly chaos spawn
 30088 | D:13     | Found a gate to the Vaults.
 30091 | D:13     | XOM: cloud trail
 30115 | D:13     | XOM: potion effect (invisibility)
 30116 | D:13     | XOM: polymorph hornet -> black bear
 30341 | D:14     | XOM: fog
 30348 | D:14     | XOM: confuse monster(s)
 30377 | D:14     | Gained mutation: You have a pair of small horns on your head. [mutagenic meat]
 30378 | D:14     | Gained mutation: You can translocate small distances at will. [mutagenic meat]
 30379 | D:14     | Gained mutation: Your body sometimes deteriorates upon taking damage. [mutagenic meat]
 30565 | D:14     | XOM: give mutation
 30565 | D:14     | Gained mutation: You are covered in fur. (AC +1) [Xom's grace]
 30905 | D:15     | Entered Level 15 of the Dungeon
 31065 | D:15     | Noticed Josephine
 31099 | D:15     | Killed Josephine
 31141 | D:15     | XOM: summons 2 friendly demons
 31209 | D:15     | XOM: summons 2 friendly demons
 31243 | D:15     | Gained mutation: Your flesh is heat resistant. (rF+) [mutagenic meat]
 31244 | D:15     | Lost mutation: Your body sometimes deteriorates upon taking damage. [mutagenic meat]
 31245 | D:15     | Gained mutation: You possess an exceptional clarity of mind. [mutagenic meat]
 31250 | D:15     | Lost mutation: You are partially covered in icy blue scales. (AC +2) [mutagenic meat]
 31251 | D:15     | Lost mutation: You have a pair of small horns on your head. [mutagenic meat]
 31252 | D:15     | Lost mutation: You are clumsy. (Dex -2) [mutagenic meat]
 31253 | D:15     | Gained mutation: You are partially covered in molten scales. (AC +2) [mutagenic meat]
 31254 | D:15     | Gained mutation: You have a somewhat thin skeletal structure. (Dex +2, Stealth) [mutagenic meat]
 31390 | D:15     | XOM: cloud trail
 31482 | D:15     | Learned a level 3 spell: Regeneration
 31505 | D:15     | Found a staircase to the Depths.
 31518 | D:15     | XOM: 1-stop teleportation journey
 31551 | D:15     | XOM: give mutations
 31551 | D:15     | Gained mutation: You are partially covered in yellow scales. (AC +2) [Xom's grace]
 31551 | D:15     | Gained mutation: You have a pair of small horns on your head. [Xom's grace]
 31551 | D:15     | Gained mutation: Your flesh is cold resistant. (rC+) [Xom's grace]
 31551 | D:15     | Gained mutation: You are resistant to electric shocks. (rElec) [Xom's grace]
 31629 | D:15     | XOM: 3-stop teleportation journey
 31800 | D:15     | XOM: fake destruction
 32244 | Depths:1 | Entered Level 1 of the Depths
 32249 | Depths:1 | XOM: divine lightning
 32259 | Depths:1 | XOM: summons 2 friendly demons
 32263 | Depths:1 | Noticed Saint Roka
 32283 | Depths:1 | XOM: summons friendly white imp
 32284 | Depths:1 | XOM: summons 13 friendly demons
 32288 | Depths:1 | XOM: 3-stop teleportation journey
 32396 | Depths:1 | XOM: harmless Hex miscast
 32433 | Depths:1 | XOM: swap monsters
 32460 | Depths:1 | Reached skill level 10 in Shields
 32465 | Depths:1 | Reached XP level 19. HP: 103/157 MP: 32/32
 32534 | Depths:1 | XOM: silly message
 32537 | Depths:1 | XOM: swap monsters
 32701 | Depths:1 | Learned a level 3 spell: Ozocubu's Armour
 32732 | Depths:1 | XOM: blink monster(s)
 32777 | Depths:1 | XOM: blink monster(s)
 32783 | Depths:1 | XOM: noise
 32784 | Depths:1 | XOM: summons friendly shadow imp
 32795 | Depths:1 | XOM: swap monsters
 32804 | Depths:1 | Noticed Sojobo
 32807 | Depths:1 | XOM: swap monsters
 32824 | Depths:1 | Killed Sojobo
 32836 | Depths:1 | Reached skill level 5 in Charms
 33179 | Depths:1 | XOM: harmless Necr miscast
 33181 | Depths:1 | XOM: divination: magic mapping
 33193 | Depths:1 | XOM: swap monsters
 33197 | Depths:1 | XOM: summons 4 friendly demons
 33204 | Depths:1 | Killed Saint Roka
 33332 | Depths:1 | XOM: 3-stop teleportation journey
 33333 | Depths:1 | XOM: confuse monster(s)
 33350 | Depths:1 | XOM: mild Air miscast
 33367 | Depths:1 | Reached skill level 1 in Necromancy
 33396 | Depths:1 | XOM: cast spell 'Summon Small Mammal'
 33398 | Depths:1 | XOM: enchant monster (good)
 33399 | Depths:1 | XOM: confuse monster(s)
 33406 | Depths:1 | XOM: summons friendly shadow imp
 33513 | Depths:1 | XOM: noise
 33548 | Depths:1 | XOM: harmless Fire miscast
 33622 | Depths:1 | XOM: swap monsters
 33625 | Depths:1 | XOM: enchant monster (bad)
 33755 | Depths:1 | Found a gateway to Hell.
 33765 | Depths:1 | XOM: blink monster(s)
 33776 | Depths:1 | XOM: harmless Erth miscast
 33791 | Depths:1 | XOM: repel stairs
 33889 | Depths:1 | XOM: 5-stop teleportation journey
 33904 | Depths:1 | XOM: harmless Hex miscast
 33932 | Depths:1 | XOM: give mutations
 33932 | Depths:1 | Gained mutation: You occasionally shout uncontrollably at your foes. [Xom's mischief]
 33932 | Depths:1 | Lost mutation: You possess an exceptional clarity of mind. [Xom's mischief]
 33932 | Depths:1 | Lost mutation: You have a pair of small horns on your head. [Xom's mischief]
 34069 | D:15     | XOM: medium Fire miscast
 34392 | Elf:1    | XOM: noise
 34392 | Elf:1    | Entered Level 1 of the Elven Halls
 34410 | Elf:1    | Reached skill level 1 in Ice Magic
 34459 | Elf:1    | XOM: mild Conj miscast
 34469 | Elf:1    | XOM: confusion
 34480 | Elf:1    | XOM: butterfly on damage
 34482 | Elf:1    | XOM: medium Fire miscast
 34511 | Elf:1    | XOM: enchant monster (good)
 34525 | Elf:1    | Identified the Catalogue of Conjuration
 34568 | Elf:1    | XOM: chaos upgrade
 34598 | Elf:1    | Reached skill level 5 in Ice Magic
 34606 | Elf:1    | XOM: give mutations
 34606 | Elf:1    | Lost mutation: Your flesh is cold resistant. (rC+) [Xom's mischief]
 34606 | Elf:1    | Gained mutation: You are frail. (-10% HP) [Xom's mischief]
 34606 | Elf:1    | Gained mutation: Your body sometimes deteriorates upon taking damage. [Xom's mischief]
 34749 | Elf:1    | XOM: medium Tmut miscast
 34758 | Elf:1    | Found Patad's Antique Weapon Shop.
 34761 | Elf:1    | Found Caorhits's Distillery.
 34761 | Elf:1    | Found Efentisats's Distillery.
 34768 | Elf:1    | Found Xenibru's Armour Boutique.
 34771 | Elf:1    | Bought a potion of ambrosia for 104 gold pieces
 34771 | Elf:1    | Bought a potion of heal wounds for 65 gold pieces
 34771 | Elf:1    | Bought a potion of curing for 39 gold pieces
 34771 | Elf:1    | Bought a potion of curing for 39 gold pieces
 34771 | Elf:1    | Bought a potion of curing for 39 gold pieces
 34771 | Elf:1    | Bought a potion of curing for 39 gold pieces
 34780 | Elf:1    | Bought a potion of experience for 800 gold pieces
 34868 | Elf:1    | XOM: severe Tmut miscast
 34868 | Elf:1    | Lost mutation: You are frail. (-10% HP) [the severe capriciousness of Xom]
 35127 | Elf:1    | XOM: torment (87/161 hp)
 35246 | Elf:1    | XOM: harmless Tloc miscast
 35302 | Elf:2    | XOM: divination: magic mapping
 35310 | Elf:2    | XOM: enchant monster (good)
 35416 | Elf:2    | Got a warped lead ring
 35418 | Elf:2    | Identified the ring of Biodaguc {+Fly Slay+4} (You acquired it on level 2 of the Elven Halls)
 35434 | Elf:2    | XOM: god gift: 14 stones
 35480 | Elf:2    | XOM: cast spell 'Alistair's Intoxication'
 35519 | Elf:2    | XOM: blink monster(s)
 35594 | Elf:2    | Reached skill level 10 in Ice Magic
 35669 | Elf:2    | XOM: enchant monster (bad)
 35733 | Elf:2    | Found a runed gate.
 35733 | Elf:2    | Found a runed gate.
 35735 | Elf:2    | Found a runed gate.
 35858 | Elf:2    | Reached XP level 20. HP: 165/168 MP: 33/33
 35871 | Elf:2    | XOM: draining
 35906 | Elf:2    | XOM: harmless Chrm miscast
 35926 | Elf:2    | Noticed Agnes
 35943 | Elf:2    | Killed Agnes
 35945 | Elf:2    | XOM: enchant monster (bad)
 35951 | Elf:2    | XOM: swap monsters
 35954 | Elf:2    | XOM: confusion (+ monsters)
 36179 | Elf:2    | XOM: confusion (+ monsters)
 36275 | Elf:2    | Reached XP level 21. HP: 176/176 MP: 34/34
 36391 | Elf:2    | XOM: summons 9 hostile demons
 36457 | Elf:3    | Entered Level 3 of the Elven Halls
 36513 | Elf:3    | XOM: cast spell 'Alistair's Intoxication'
 36519 | Elf:3    | XOM: cast spell 'Olgreb's Toxic Radiance'
 36527 | Elf:3    | XOM: silly message
 36530 | Elf:3    | XOM: cast spell 'Ring of Flames'
 36531 | Elf:3    | XOM: cast spell 'Summon Horrible Things'
 36536 | Elf:3    | XOM: cast spell 'Dispersal'
 36542 | Elf:3    | Reached skill level 15 in Ice Magic
 36569 | Elf:3    | XOM: cast spell 'Metabolic Englaciation'
 36629 | Elf:3    | XOM: summons friendly ufetubus
 36633 | Elf:3    | XOM: fog
 36649 | Elf:3    | XOM: mild Fire miscast
 36695 | Elf:3    | XOM: confuse monster(s)
 36723 | Elf:3    | XOM: polymorph deep elf master archer -> emperor scorpion
 36758 | Elf:3    | XOM: god gift: 18 gold pieces
 36771 | Elf:3    | XOM: god gift: scroll of fog
 36847 | Elf:3    | XOM: confuse monster(s)
 36856 | Elf:3    | XOM: summons friendly ufetubus
 36857 | Elf:3    | XOM: cast spell 'Monstrous Menagerie'
 36872 | Elf:3    | Got a glittering golden ring
 36935 | Elf:3    | XOM: harmless Hex miscast
 36938 | Elf:3    | Got a fine helmet
 36944 | Elf:3    | Identified the +1 helmet of the Guild-Master {rCorr} (You found it on level 3 of the Elven Halls)
 36966 | Elf:3    | Identified An Early Guide to Witchery
 36970 | Elf:3    | Learned a level 2 spell: Song of Slaying
 37020 | Elf:3    | Learned a level 2 spell: Passwall
 37029 | Elf:3    | XOM: cast spell 'Alistair's Intoxication'
 37071 | Elf:3    | XOM: cast spell 'Alistair's Intoxication'
 37090 | Elf:3    | XOM: medium Conj miscast
 37109 | Elf:3    | XOM: harmless Ice miscast
 37124 | Elf:3    | Identified the ring "Ycwunkon" {+Fly rF+ rC+ rN+ MR+} (You took it off a deep elf death mage on level 3 of the Elven Halls)
 37179 | Elf:3    | XOM: divination: detect items
 37185 | Elf:3    | XOM: harmless Pois miscast
 37197 | Elf:3    | Gained mutation: You have an increased reservoir of magic. (+10% MP) [mutagenic meat]
 37199 | Elf:3    | Gained mutation: You tend to lose your temper in combat. [mutagenic meat]
 37409 | Elf:3    | XOM: 2-stop teleportation journey
 37646 | Elf:3    | XOM: harmless Necr miscast
 37648 | Elf:3    | XOM: polymorph deep elf archer -> wolf spider
 37699 | Elf:3    | XOM: scenery: 2 doors close
 37707 | Elf:3    | XOM: chaos upgrade
 37758 | Elf:3    | XOM: give mutations
 37758 | Elf:3    | Lost mutation: You tend to lose your temper in combat. [Xom's mischief]
 37758 | Elf:3    | Lost mutation: You are partially covered in molten scales. (AC +2) [Xom's mischief]
 37904 | Elf:3    | XOM: confusion (+ monsters)
 38029 | Elf:2    | XOM: destruction
 38082 | Elf:1    | XOM: blink monster(s)
 38142 | Orc:2    | Found Jiecsueg's Food Emporium.
 38361 | Slime:1  | Entered Level 1 of the Pits of Slime
 38364 | Slime:1  | XOM: swap monsters
 38372 | Slime:1  | Gained mutation: Your body often deteriorates upon taking damage. [a shining eye]
 38378 | Lair:6   | XOM: give mutations
 38378 | Lair:6   | Gained mutation: You sometimes yell uncontrollably at your foes. [Xom's mischief]
 38378 | Lair:6   | Lost mutation: Your flesh is heat resistant. (rF+) [Xom's mischief]
 38378 | Lair:6   | Gained mutation: You are clumsy. (Dex -2) [Xom's mischief]
 38378 | Lair:6   | Gained mutation: You are frail. (-10% HP) [Xom's mischief]
 38384 | Slime:1  | Gained mutation: Scrolls take you a little longer to read. [a shining eye]
 38419 | Slime:1  | Gained mutation: Scrolls take you longer to read. [a shining eye]
 38565 | Slime:2  | Gained mutation: Potions are less effective at restoring your health. [a shining eye]
 38567 | Slime:2  | XOM: repel stairs
 38579 | Slime:2  | XOM: confuse monster(s)
 38608 | Slime:2  | XOM: scenery: create altars
 38636 | Slime:2  | Reached XP level 22. HP: 146/165 MP: 9/38
 38672 | Slime:3  | XOM: summons friendly white imp
 38672 | Slime:3  | Gained mutation: You expend magic power (3 MP) to strengthen your wands. [a shining eye]
 38737 | Slime:2  | XOM: scenery: create altars
 38760 | Slime:3  | XOM: summons 5 friendly demons
 38762 | Slime:3  | XOM: summons friendly iron imp
 38767 | Slime:3  | XOM: summons friendly shadow imp
 38775 | Slime:3  | XOM: fog
 38785 | Slime:3  | XOM: enchant monster (good)
 38791 | Slime:3  | XOM: potion effect (agility)
 38807 | Slime:4  | Lost mutation: You have an increased reservoir of magic. (+10% MP) [a shining eye]
 38818 | Slime:3  | XOM: blink monster(s)
 38819 | Slime:3  | XOM: harmless Summ miscast
 38826 | Slime:3  | XOM: 3-stop teleportation journey
 38834 | Slime:3  | XOM: 1-stop teleportation journey
 38839 | Slime:3  | XOM: 1-stop teleportation journey
 38846 | Slime:3  | XOM: 1-stop teleportation journey
 38865 | Slime:3  | XOM: polymorph slime creature -> torpor snail
 38867 | Slime:3  | XOM: confuse monster(s)
 39205 | Slime:1  | XOM: enchant monster (good)
 39466 | Slime:3  | XOM: polymorph acid blob -> iron giant
 39470 | Slime:3  | XOM: summons 5 hostile demons
 39586 | Slime:2  | Reached XP level 23. HP: 133/171 MP: 31/36
 39694 | Slime:3  | XOM: medium Hex miscast
 39707 | Slime:3  | XOM: repel stairs
 39717 | Slime:3  | XOM: enchant monster (bad)
 39718 | Slime:3  | XOM: enchant monster (bad)
 39756 | Slime:3  | XOM: draining
 40014 | Slime:4  | XOM: chaos cloud
 40183 | Slime:5  | Entered Level 5 of the Pits of Slime
 40187 | Slime:5  | XOM: summons 2 hostile shadow creatures
 40262 | Slime:4  | XOM: give mutation
 40262 | Slime:4  | Lost mutation: Your body often deteriorates upon taking damage. [Xom's mischief]
 40326 | Slime:4  | XOM: confuse monster(s)
 40490 | Slime:5  | XOM: potion effect (might)
 40491 | Slime:5  | XOM: cleaving
 40508 | Slime:5  | Noticed the Royal Jelly
 40520 | Slime:5  | XOM: summons friendly iron imp
 40681 | Slime:5  | XOM: give mutation
 40681 | Slime:5  | Gained mutation: Your muscles are strong. (Str +2) [Xom's grace]
 40710 | Slime:5  | XOM: harmless Tloc miscast
 40715 | Slime:5  | XOM: mild Tmut miscast
 40716 | Slime:5  | HP: 7/222 [enormous slime creature (27)]
 40721 | Slime:5  | Splashed with acid

Skill      XL: |  1  2  3  4  5  6  7  8  9 10 11 12 13 14 15 16 17 18 19 20 21 22 23 |
---------------+----------------------------------------------------------------------+-----
Polearms       | 5 6 8 9 11 12 14 15 16 18 | 18.1
Evocations     | 1 7 |  7.0
Fighting       | 4 5 8 11 15 16 17 18 | 18.0
Dodging        | 10 13 14 17 20 | 20.2
Stealth        | 4 7 9 |  9.1
Armour         | 2 |  2.3
Transmutations | 10 14 | 14.0
Spellcasting   | 5 8 9 |  9.0
Earth Magic    | 4 6 10 | 10.0
Shields        | 6 10 | 10.0
Charms         | 7 |  7.0
Necromancy     | 2 |  2.1
Ice Magic      | 11 14 19 20 | 20.0

Action                   |  1- 3 |  4- 6 |  7- 9 | 10-12 | 13-15 | 16-18 | 19-21 | 22-24 || total
-------------------------+-------+-------+-------+-------+-------+-------+-------+-------++-------
Melee: Spear             |   130 |    28 |       |       |       |       |       |       ||   158
       Trident           |       |   120 |   334 |   813 |  1826 |  2387 |  1572 |   471 ||  7523
       Headbutt          |       |       |       |       |    60 |    92 |   144 |       ||   296
       Tailslap          |       |       |       |       |    17 |   134 |     4 |       ||   155
 Cast: Statue Form       |       |       |       |       |     1 |    16 |     4 |     1 ||    22
       Regeneration      |       |       |       |       |       |       |    27 |    40 ||    67
       Ozocubu's Armour  |       |       |       |       |       |       |     9 |     2 ||    11
 Abil: Evoke Berserk Rag |       |       |       |       |       |     2 |     3 |     3 ||     8
       End Transformatio |       |       |       |       |       |     2 |     1 |       ||     3
Evoke: Wand              |       |     5 |       |     6 |    12 |     7 |     3 |       ||    33
       Box of beasts     |       |       |       |       |       |       |     2 |       ||     2
       Fan of gales      |       |       |       |       |       |       |       |     1 ||     1
  Use: Scroll            |       |       |       |    11 |    26 |    15 |    10 |     3 ||    65
       Potion            |       |       |       |     3 |     3 |     3 |     3 |     4 ||    16
 Stab: Confused          |       |     3 |     1 |    11 |    26 |    21 |    11 |     6 ||    79
       Sleeping          |       |     1 |     3 |    18 |    20 |    32 |    13 |       ||    87
       Paralysed         |       |       |     2 |     8 |     6 |     3 |       |       ||    19
       Petrifying        |       |       |     1 |     2 |     1 |       |       |       ||     4
       Distracted        |       |       |     2 |     2 |     8 |    11 |    12 |     1 ||    36
       Invisible         |       |       |       |     3 |    24 |    12 |       |       ||    39
       Petrified         |       |       |       |     4 |     7 |       |       |       ||    11
       Held in net/web   |       |       |       |       |       |     2 |       |       ||     2
  Eat: Chunk             |       |     3 |     8 |    23 |    19 |    25 |    16 |       ||    94
       Bread ration      |       |       |       |     1 |     4 |     6 |     2 |       ||    13
       Fruit             |       |       |       |       |     3 |     8 |       |       ||    11
       Meat ration       |       |       |       |       |       |     1 |     2 |     3 ||     6
Armor: Leather armour    |    28 |    22 |    32 |       |       |       |       |       ||    82
       Steam dragon scal |       |       |     1 |    45 |   131 |   171 |   175 |    98 ||   621
       Skin              |       |       |       |       |     5 |   192 |    12 |     2 ||   211
Dodge: Dodged            |    63 |    45 |   100 |   353 |  1213 |  2860 |   990 |   544 ||  6168
       Deflected         |       |     1 |     2 |       |     1 |     9 |    15 |    19 ||    47
Block: Other             |       |       |       |       |   116 |   139 |       |       ||   255
       Reflection        |       |       |       |       |     2 |     1 |     1 |       ||     4
       Buckler           |       |       |       |       |       |   381 |   353 |   254 ||   988
       Shield            |       |       |       |       |       |    94 |   210 |       ||   304
